 Dungeon Crawl Stone Soup version 0.30.0 (webtiles) character file.

Game seed: 14682069960038330206

60 2FriedEggs the Magician (level 3, 0/26 HPs)
             Began as a Demigod Air Elementalist on May 6, 2023.
             Succumbed to an adder's poison
             ... on level 2 of the Dungeon.
             The game lasted 00:05:27 (989 turns).

2FriedEggs the Magician (Demigod Air Elementalist)   Turns: 989, Time: 00:05:28

Health: 0/26       AC:  2    Str:  9    XL:     3   Next: 57%
Magic:  9/10       EV: 12    Int: 21    God:
Gold:   39         SH:  0    Dex: 14    Spells: 8/9 levels left

rFire   . . .        g - +1 dagger (holy)
rCold   . . .        (no shield)
rNeg    . . .        a - +0 robe
rPois   .            (no helmet)
rElec   .            (no cloak)
rCorr   .            (no gloves)
SInv    .            (no boots)
Will    .....        (no amulet)
Stlth   ++           (no ring)
HPRegen 0.24/turn    (no ring)
MPRegen 0.12/turn

%: no passive effects
@: brilliant, lethally poisoned (0 -> -6), flying, slowed, very slow
A: high MP 1, forlorn, divine attributes
a: no special abilities


You were on level 2 of the Dungeon.
You visited 1 branch of the dungeon, and saw 2 of its levels.

You collected 39 gold pieces.

Inventory:

Hand Weapons
 g - a +1 dagger of holy wrath (weapon)
Armour
 a - a +0 robe (worn)
 j - a +0 buckler
Magical Staves
 n - a staff of conjuration
Scrolls
 c - a scroll of brand weapon {unknown}
 e - a scroll of vulnerability {unknown}
 f - a scroll of blinking {unknown}
 i - a scroll of identify {unknown}
 m - a scroll of immolation {unknown}


   Skills:
 - Level 1.7 Dodging
 - Level 1.7 Stealth
 + Level 3.5 Spellcasting
 - Level 0.8 Conjurations
 - Level 2.6 Air Magic


You had 8 spell levels left.
You knew the following spells:

 Your Spells              Type           Power      Damage    Failure   Level
a - Shock                 Conj/Air       64%        1d7       6%          1

Your spell library contained the following spells:

 Spells                   Type           Power      Damage    Failure   Level
 Static Discharge         Conj/Air       32%        2-4/arc   9%          2
 Swiftness                Air            22%        N/A       12%         3
 Airstrike                Air            11%        2d(2-18)  38%         4


Dungeon Overview and Level Annotations

Branches:
Dungeon (2/15)


Innate Abilities, Weirdness & Mutations

You have an increased reservoir of magic. (+10% MP)
You shall have no god before yourself.
Your divine heritage dramatically boosts your attributes as you level up.


Message History

The adder bites you.
You are poisoned.
The adder poisons you! The adder barely misses you. Natasha closely misses you.
Natasha attacks as you move away! Natasha misses you.
You feel sick. The adder misses you. The adder bites you.
You are more poisoned.
The adder poisons you! Natasha barely misses you.
You flicker for a moment.
You feel very sick. The adder bites you. Natasha claws you but does no damage.
You feel sick. The adder barely misses you. Magic courses through your body.
You feel sick. The adder bites you.
* * * LOW HITPOINT WARNING * * *
You are lethally poisoned!
The adder poisons you! The adder barely misses you.
Unknown command.
You aren't carrying any potions.
Aiming: Shock (safe; 6% risk of failure)
Press: ? - help, Q - select action Shift-Dir - straight line, f - adder
Aim: an adder (heavily wounded, unable to see you, 53% to hit)
You feel a surge of power!
The zap hits the adder.
The adder is severely wounded.
The zap hits Natasha.
Natasha is severely wounded.
You flicker back into view.
* * * LOW HITPOINT WARNING * * *
You feel sick. The adder bites you.
* * * LOW HITPOINT WARNING * * *
The adder barely misses you.
Natasha casts a spell.
Unknown command.
Unknown command.
Unknown command.
Aiming: Shock (safe; 6% risk of failure)
Press: ? - help, Q - select action Shift-Dir - straight line, f/p - adder
Aim: an adder (severely wounded, 53% to hit)
You feel a surge of power!
The zap misses the adder.
The zap hits Natasha.
You kill Natasha!
Natasha screams in fury as she dies!
You die...

#.......# ### #.......#
..# .......## #...
.##..?# ... ###. #.# #.
..###..######## #
..............#####.#..#
##.<.##...@S†.....#
#>.....)####.##...#
.....###.### #.†....#
...### #.#########.....
## ##......#.. ...##
#.......... ...#
#.#####...h #.. #. #..
.. .


You could see an adder.

Vanquished Creatures
  Natasha (twice) (D:2)
  An adder (D:2)
  3 dart slugs (D:1)
  3 ball pythons (D:1)
  2 endoplasms (D:1)
  2 giant cockroaches (D:1)
  2 goblins
  2 hobgoblins
  A kobold (D:1)
  A quokka (D:1)
  A bat (D:1)
  A frilled lizard (D:2)
  3 rats (D:1)
24 creatures vanquished.

Notes
Turn   | Place    | Note
-------+----------+-------------------------------------------
     0 | D:1      | 2FriedEggs the Demigod Air Elementalist began the quest for
                  | the Orb.
     0 | D:1      | Reached XP level 1. HP: 14/14 MP: 5/5
   111 | D:1      | Reached skill level 2 in Spellcasting
   245 | D:1      | Reached XP level 2. HP: 20/20 MP: 2/8
   895 | D:2      | Reached skill level 3 in Spellcasting
   907 | D:2      | Noticed Natasha
   957 | D:2      | Reached XP level 3. HP: 26/26 MP: 7/10
   960 | D:2      | Killed Natasha
   968 | D:2      | Noticed Natasha
   988 | D:2      | HP: 1/26 [adder (3)]
   989 | D:2      | Killed Natasha
   989 | D:2      | Succumbed to an adder's poison

Illustrated notes

Levels and vault maps discovered:
D:1:      lemuel_arrival_tunnels, layout_rooms
D:2:      layout_rooms, uniq_jessica, uniq_natasha

Skill      XL: |  1  2 |
---------------+-------+-----
Spellcasting   | 2 3 |  3.5
Dodging        | |  1.7
Stealth        | |  1.7
Conjurations   | |  0.8
Air Magic      | |  2.6

Action                     || total
---------------------------++-------
  Melee: Unarmed           ||     9
         Dagger            ||    10
   Cast: Shock             ||    54
    Use: Potion            ||     6
 Armour: Robe              ||     6
  Dodge: Dodged            ||    60
